 Dungeon Crawl Stone Soup version 0.31-a0-150-g89dc3ad700 (webtiles) character file.

Game seed: 14358505487739128033

3 qw the Shooter (level 1, -2/18 HPs)
             Began as a Minotaur Hunter on June 8, 2023.
             Slain by a hobgoblin (4 damage)
             ... on level 1 of the Dungeon.
             The game lasted 00:00:00 (13 turns).

qw the Shooter (Minotaur Hunter)                      Turns: 13, Time: 00:00:01

Health: -2/18      AC:  3    Str: 15    XL:     1   Next: 41%
Magic:  0/0        EV: 12    Int:  6    God:
Gold:   0          SH:  0    Dex: 13    Spells: 0/0 levels left

rFire   . . .        a - +0 shortbow
rCold   . . .        (shield currently unavailable)
rNeg    . . .        c - +0 leather armour
rPois   .            (helmet restricted)
rElec   .            (no cloak)
rCorr   .            (no gloves)
SInv    .            (no boots)
Will    .....        (no amulet)
Stlth   +            (no ring)
HPRegen 0.23/turn    (no ring)
MPRegen 0.07/turn

%: no passive effects
@: no status effects
A: horns 2, retaliatory headbutt
a: no special abilities


You were on level 1 of the Dungeon.
You visited 1 branch of the dungeon, and saw 1 of its levels.


Innate Abilities, Weirdness & Mutations

You have a pair of horns on your head.
You reflexively headbutt those who attack you in melee.


   Skills:
 - Level 2.4 Fighting
 + Level 4.6 Ranged Weapons
 - Level 2.1 Dodging
 - Level 0.7 Stealth


You couldn't memorise any spells.
You didn't know any spells.
Your spell library was empty.

Inventory:

Hand Weapons
 a - a +0 shortbow (weapon)
Armour
 c - a +0 leather armour (worn)
Scrolls
 b - a scroll of butterflies

Dungeon Overview and Level Annotations

Branches:
Dungeon (1/15)

Altars:


Message History

A rat, 2 goblins, a kobold and a bat come into view.
Found a scroll labelled KOKALO LUBECUN and a scroll labelled REORCH ERIOLEA.
Found two stone staircases leading down.
The kobold shouts!
The hobgoblin shouts!
You hear a shout!
You shoot an arrow. The arrow closely misses the rat.
The rat bites you but does no damage.
You shoot an arrow. The arrow barely misses the hobgoblin.
The bat barely misses you. You furiously retaliate!
You headbutt the bat.
You kill the bat!
A hobgoblin comes into view.
The hobgoblin hits you. The rat bites you but does no damage.
The goblin hits you with a +0 dagger.
You shoot an arrow. The arrow closely misses the hobgoblin.
The hobgoblin barely misses you. The rat closely misses you.
The goblin hits you with a +0 dagger.
You shoot an arrow. The arrow hits the kobold.
The kobold is moderately wounded.
The hobgoblin hits you. The kobold misses you. You furiously retaliate!
You headbutt the kobold!
You kill the kobold!
The rat misses you. The goblin hits you with a +0 dagger.
A bat comes into view.
You shoot an arrow.
The arrow hits the hobgoblin but does no damage.
A bat comes into view.
The rat barely misses you. The goblin closely misses you.
You furiously retaliate!
You headbutt the goblin. The hobgoblin closely misses you.
The goblin hits you with a +0 dagger. The rat bites you.
The hobgoblin hits you.
You shoot an arrow. The arrow closely misses the goblin.
The bat misses you. The rat bites you. The goblin misses you.
The hobgoblin barely misses you.
You shoot an arrow. The arrow hits the goblin.
You kill the goblin!
The bat hits you but does no damage. x2; The hobgoblin hits you.
The rat bites you but does no damage.
You shoot an arrow.
The arrow hits the hobgoblin but does no damage.
The bat barely misses you. x2; The hobgoblin hits you.
You die...

########
#......#
#......#
#..?)r.#
#?..g@.#
#...bgb#
#......#
#.......>#
#.#...>..#
# #......#
####.###
..


You could see 2 hobgoblins, 2 bats and a rat.

Vanquished Creatures
  A bat (D:1)
  A goblin (D:1)
  A kobold (D:1)
3 creatures vanquished.

Notes
Turn   | Place    | Note
-------+----------+-------------------------------------------
     0 | D:1      | qw the Minotaur Hunter began the quest for the Orb.
     0 | D:1      | Reached XP level 1. HP: 18/18 MP: 0/0
     0 | D:1      | 0 ||| qw: Version: 0.2-a-119-g7aa9181
     0 | D:1      | 0 ||| qw: Game counter: 2857
     0 | D:1      | 0 ||| qw: Always use a shield: true
     0 | D:1      | 0 ||| qw: God list: Okawaru
     0 | D:1      | 0 ||| qw: Allow faded altars: false
     0 | D:1      | 0 ||| qw: Do Orc after D:15 true
     0 | D:1      | 0 ||| qw: Do second Lair branch before Depths: true
     0 | D:1      | 0 ||| qw: Lair rune preference: random
     0 | D:1      | 0 ||| qw: Plans: Normal
     0 | D:1      | 0 ||| PLANNING D:1-11
    10 | D:1      | HP: 4/18 [hobgoblin (4)]
    13 | D:1      | Slain by a hobgoblin

Levels and vault maps discovered:
D:1:      tarquinn_simple_flora_water_f, layout_rooms

Action                     || total
---------------------------++-------
   Fire: Shortbow          ||     8
 Armour: Leather armour    ||     5
  Dodge: Dodged            ||    13

Table legend:
 A = Non-vault XP
 B = Vault XP
 C = Vault XP percentage of total XP
 D = Non-vault monster count
 E = Vault monster count
 F = Vault count percentage of total count
                 A         B        C        D         E       F
            +---------+---------+-------+---------+---------+-------
      Total |       5 |       0 |   0.0 |       3 |       0 |   0.0
            +---------+---------+-------+---------+---------+-------
        D:1 |       5 |       0 |   0.0 |       3 |       0 |   0.0
            +---------+---------+-------+---------+---------+-------
